 Dungeon Crawl Stone Soup version 0.29.1-15-g9cfb28693d (webtiles) character file.

Game seed: 13242989098896861282

100122 Coron the Severer (level 16, -1/149 HPs)
             Began as a Meteoran Fighter on Mar 23, 2023.
             Was the Champion of Jiyva.
             Shot with an arrow by a naga sharpshooter (14 damage)
             ... on level 4 of the Snake Pit.
             The game lasted 01:02:17 (7511 turns).

Coron the Severer (Meteoran Fighter)                Turns: 7511, Time: 01:02:17

Health: -1/149     AC: 23    Str: 26    XL:     16   Next: 89%
Magic:  17/17      EV:  6    Int: 14    God:    Jiyva [******]
Gold:   1319       SH: 28    Dex: 11    Spells: 15/15 levels left

rFire   + + .      SeeInvis +   P - +0 broad axe
rCold   + . .      Faith    .   N - +10 tower shield of Ignorance {rN+ Int-4}
rNeg    + + .      Spirit   .   A - +2 plate armour {rC+}
rPois   +          Reflect  .   (no helmet)
rElec   .          Harm     .   (no cloak)
rCorr   +          Rampage  .   k - +0 pair of gloves
Will    +++..                   (no boots)
Stlth   ..........              M - amulet of Pys Eqeu {Acrobat rPois rF++ Str+4 Dex-5}
HPRegen 1.94/turn               p - ring of see invisible
MPRegen 0.65/turn               E - ring of positive energy

@: lethally poisoned (-1 -> -2), glowing, constricted
A: sense surroundings 2, otherworldly, glowing, explore regen, talons 1, thin
skeletal structure 1, clever 2, strong-willed 1, shaggy fur 1, gelatinous body
3, translucent skin 3, engulf
}: 1/15 runes: slimy
a: Renounce Religion, Oozemancy, Slimify


You were on level 4 of the Snake Pit.
You worshipped Jiyva.
Jiyva was exalted by your worship.
You visited 6 branches of the dungeon, and saw 28 of its levels.
You also visited: Ossuary and Volcano.

You collected 1449 gold pieces.
You spent 130 gold pieces at shops.

Inventory:

Hand Weapons
 a - a +1 war axe
 w - a +1 hand crossbow of flaming
 I - a +2 demon trident of flaming
 L - the +8 flail "Doiram" {vorpal, rElec rC++ rCorr Int+3}
   (You found it on level 5 of the Pits of Slime)

   It inflicts extra damage upon your enemies.
   Int:       It affects your intelligence (+3).
   rC:        It greatly protects you from cold.
   rElec:     It insulates you from electricity.
   rCorr:     It protects you from acid and corrosion.
 P - a +0 broad axe (weapon)
Missiles
 b - 20 poisoned darts
 c - a boomerang of dispersal
 f - 30 stones (quivered)
Armour
 g - an orb of energy
 k - a +0 pair of gloves (worn)
 n - a +0 helmet
 A - a +2 plate armour of cold resistance (worn)
 B - a +0 tower shield
 F - a +1 plate armour of poison resistance
 K - the +5 chain mail "Qufif" {rElec rC- Str+3}
   (You found it on level 5 of the Pits of Slime)

   Str:       It affects your strength (+3).
   rC:        It makes you vulnerable to cold.
   rElec:     It insulates you from electricity.
 N - the +10 tower shield of Ignorance (worn) {rN+ Int-4}
   (You found it on level 5 of the Pits of Slime)

   Int:       It affects your intelligence (-4).
   rN:        It protects you from negative energy.
Jewellery
 p - a ring of see invisible (left hand)
 E - a ring of positive energy (right hand)
 J - a ring of willpower
 M - the amulet of Pys Eqeu (around neck) {Acrobat rPois rF++ Str+4 Dex-5}
   (You found it on level 5 of the Pits of Slime)

   [amulet of the acrobat]

   It increases your evasion while moving and waiting.
   Str:       It affects your strength (+4).
   Dex:       It affects your dexterity (-5).
   rF:        It greatly protects you from fire.
   rPois:     It protects you from poison.
Wands
 j - a wand of paralysis (1)
 u - a wand of polymorph (10)
 C - a wand of iceblast (8)
Scrolls
 d - a scroll of silence {unknown}
 e - 5 scrolls of teleportation
 m - a scroll of immolation {unknown}
 o - 2 scrolls of fear
 s - a scroll of blinking
 t - a scroll of poison
 x - a scroll of enchant armour {unknown}
 y - a scroll of noise
 z - 6 scrolls of enchant weapon
 D - a scroll of torment {unknown}
Potions
 h - 2 potions of brilliance
 i - 5 potions of curing
 l - 2 potions of might
 q - 4 potions of mutation
 r - a potion of haste
 v - a potion of invisibility
 G - a potion of resistance


   Skills:
 + Level 15.5 Fighting
 - Level 17.0(18.0) Axes
 - Level 9.7(14.5) Polearms
 - Level 14.0 Armour
 - Level 16.0 Shields


You had 15 spell levels left.
You didn't know any spells.
Your spell library contained the following spells:

 Spells                   Type           Power      Damage    Failure   Level
 Apportation              Tloc           0%         N/A       100%        1
 Ensorcelled Hibernation  Hex/Ice        0%         N/A       100%        2
 Dazzling Flash           Conj/Hex       0%         N/A       100%        3
 Portal Projectile        Hex/Tloc       0%         N/A       100%        3
 Stone Arrow              Conj/Erth      0%         3d7       100%        3
 Animate Armour           Summ/Erth      0%         N/A       100%        4
 Blade Hands              Tmut           0%         N/A       100%        5
 Freezing Cloud           Conj/Ice/Air   0%         6-21      100%        5
 Irradiate                Conj/Tmut      0%         3d11      100%        5
 Dragon Form              Tmut           0%         N/A       100%        7
 Enfeeble                 Hex            0%         N/A       100%        7
 Lehudib's Crystal Spear  Conj/Erth      0%         10d2      100%        8


Dungeon Overview and Level Annotations

Branches:
Dungeon (11/15) Zot: 2739  Temple (1/1) D:5 Zot: 528    Lair (5/5) D:10 Zot: 1087
 Shoals (0/4) Lair:2        Snake (4/4) Lair:2 Zot: 1890   Slime (5/5) Lair:5 Zot: 2814
    Orc (2/2) D:9 Zot: 518     Elf (0/3) Orc:2       Ossuary (visited)
Volcano (visited)

Altars:
Ashenzari
Cheibriados
Dithmenos
Elyvilon
Fedhas
Hepliaklqana
Kikubaaqudgha
Makhleb
Nemelex Xobeh
Okawaru
Qazlal
Ru
Sif Muna
Trog
Vehumet
Wu Jian
Xom
Yredelemnul
Zin
The Shining One
Jiyva

Shops:
D:5 !(   Orc:2 [(:*

Annotations:
Snake:3 Bai Suzhen
Slime:5 Royal Jelly


Innate Abilities, Weirdness & Mutations

You passively map the area around you.
You are easily found by Zot.
You glow in the dark.
You regain HP and MP as you explore.
You have sharp toenails.
You have a somewhat thin skeletal structure. (Dex +2, Stealth+)
Your mind is very acute. (Int +8, Str/Dex -2)
You are strong-willed. (Will+)
You are covered in fur. (AC +1)
Your gelatinous body deflects attacks. (AC +3, EV +3)
Your transparent skin significantly reduces your foes' accuracy. (Stealth+)
Your melee attacks may engulf your foes in ooze.


Message History

The black mamba is asphyxiated!
You block the black mamba's attack.
The naga sharpshooter casts a spell.
The naga sharpshooter magically shoots an arrow.
The arrow hits you!
* * * LOW HITPOINT WARNING * * *
You block the naga mage's attack. The naga hits you with a +0 glaive!
* * * LOW HITPOINT WARNING * * *
You block the black mamba's attack. The naga warrior completely misses you.
The naga warrior constricts you.
You closely miss the naga warrior. Your kick misses the naga warrior.
The naga warrior is moderately wounded.
You hit the naga. You hit the naga mage.
You kill the naga mage!
You closely miss the black mamba.
You feel sick.
The naga warrior no longer looks unusually toxic.
The black mamba is asphyxiated!
You block the black mamba's attack. You block the naga's attack.
You slash the naga warrior! You claw the naga warrior.
The naga warrior is heavily wounded.
You slash the naga!
You kill the naga!
You barely miss the black mamba.
You feel sick.
The black mamba is asphyxiated!
You block the black mamba's attack. You block the naga warrior's attack.
The naga warrior constricts you. You block the black mamba's attack.
The naga sharpshooter mumbles some strange words.
The naga sharpshooter magically shoots an arrow.
The arrow hits you.
* * * LOW HITPOINT WARNING * * *
You hit the naga warrior but do no damage.
Your kick misses the naga warrior.
The naga warrior is heavily wounded.
You closely miss the black mamba.
The black mamba is asphyxiated!
You block the black mamba's attack.
The naga warrior roars a battlecry!
The naga sharpshooters go into a battle-frenzy!
The naga warrior constricts you.
The naga sharpshooter casts a spell.
The naga sharpshooter magically shoots an arrow.
The arrow hits you!
You die...

, + *** *, , , , ,
, , * * , #######
*, , #.....## 8 *
**, #..)...### ,,
, *, ,
,##)@N...... , ,
*, , ,*#)S###.....
*, , * ##N## ... *
* * ##NN# #######
, ,, *#...##
##.....### * * , *
,
###..###........#
* , ,
##........N...## ,
, ,
,,,#......###....#
, * #.....##
##...# *


You could see a naga warrior, 3 naga sharpshooters and a black mamba (curare,
asphyxiating).

Vanquished Creatures
  An orc warlord (Orc:1)
  A salamander tyrant (Snake:2)
  A hydra (Lair:5)
  A boulder beetle (Lair:4)
  Fannar (D:10)
  2 naga warriors (Snake:3)
  2 anacondas (Snake:2)
  2 naga sharpshooters (Snake:2)
  4 orc high priests
  2 shock serpents
  3 salamander mystics
  A naga ritualist (Snake:2)
  A lindwurm (Lair:5)
  Pikel (D:5)
  2 orc knights (Orc:1)
  5 orc sorcerers (Orc:2)
  A wolf spider (Lair:5)
  7 mana vipers
  3 oklob plants (Lair:1)
  8 salamanders
  20 black mambas
  3 guardian serpents
  13 elephants
  A torpor snail (Lair:3)
  6 naga magi
  6 cane toads
  A rime drake (Lair:4)
  10 komodo dragons
  3 trolls
  2 hornets
  12 polar bears
  9 blink frogs
  A snapping turtle (Lair:2)
  3 raiju (Lair:5)
  7 dream sheep
  11 wyverns
  4 wraiths
  21 yaks
  A fire bat (Volcano)
  A vampire (D:10)
  3 redbacks (Lair:5)
  A steam dragon (D:7)
  9 wargs
  16 hell hounds
  12 nagas
  20 water moccasins
  A swamp drake (D:10)
  A sky beast (D:8)
  25 orc warriors
  An ice beast (D:7)
  12 black bears
  16 wolves
  12 ogres
  6 centaurs
  2 kobold brigands
  6 bullfrogs
  A necrophage (D:7)
  A scorpion (D:5)
  4 wights (D:8)
  6 killer bees (D:10)
  2 howler monkeys (D:9)
  A hound (D:6)
  13 orc priests
  A gnoll bouda (D:9)
  2 iguanas (D:5)
  10 orc wizards
  12 hell rats
  2 mummies
  Robin (D:3)
  8 gnolls
  7 adders
  4 shadow imps
  3 white imps
  2 worms (D:3)
  3 dart slugs
  29 orcs
  8 ball pythons
  An endoplasm (D:1)
  A giant cockroach (D:4)
  9 goblins
  8 hobgoblins
  A quokka (D:1)
  3 bats
  3 frilled lizards
  5 gnoll skeletons (Ossuary)
  10 kobolds
  5 kobold skeletons (Ossuary)
  15 orc skeletons (Ossuary)
  2 rats
510 creatures vanquished.

Vanquished Creatures (collateral kills)
  An orc warlord (D:9)
  Erolcha (D:10)
  2 cane toads (Lair:5)
  3 dream sheep (Lair:5)
  A wyvern (Lair:5)
  A warg (Orc:2)
  A water moccasin (Lair:5)
  5 orc warriors (Orc:2)
  A killer bee (D:10)
16 creatures vanquished.

Vanquished Creatures (others)
  A slime creature (D:9)
  A salamander (Volcano)
  A naga mage (Snake:2)
  A komodo dragon (D:10)
  A blink frog (Lair:3)
  An orc warrior (D:9)
  A water moccasin (Lair:2)
  3 wolves (Lair:5)
  A kobold brigand (D:9)
  A bullfrog (D:9)
  A necrophage (D:4)
  4 killer bees
  35 jellies
  2 hounds
  An orc priest (D:3)
  An orc wizard (D:3)
  2 adders (D:4)
  4 gnolls (D:6)
  6 orcs
  A hobgoblin (D:4)
  A ball python (D:3)
  A bush (Lair:2)
  62 fungi
  89 plants
  4 withered plants (D:1)
226 creatures vanquished.

Grand Total: 752 creatures vanquished

Notes
Turn   | Place    | Note
-------+----------+-------------------------------------------
     0 | D:1      | Coron the Meteoran Fighter began the quest for the Orb.
     0 | D:1      | Reached XP level 1. HP: 19/19 MP: 2/2
    32 | D:1      | Reached XP level 2. HP: 9/26 MP: 3/3
   185 | D:1      | Found a faded altar of an unknown god.
   191 | D:1      | Reached skill level 3 in Axes
   191 | D:1      | Reached XP level 3. HP: 31/31 MP: 4/4
   199 | D:1      | Prayed at the altar of an unknown god.
   199 | D:1      | Became a worshipper of Jiyva Juit the Shapeless
   199 | D:1      | Reached * piety under Jiyva
   329 | D:2      | Reached XP level 4. HP: 40/40 MP: 5/5
   384 | D:2      | Reached skill level 4 in Axes
   400 | D:2      | Reached XP level 5. HP: 40/46 MP: 6/6
   495 | D:3      | Noticed Robin
   511 | D:3      | Reached skill level 5 in Armour
   512 | D:3      | Killed Robin
   536 | D:3      | Found a glowing golden altar of the Shining One.
   547 | D:3      | Reached ** piety under Jiyva
   753 | D:4      | Killed a necrophage
   816 | D:5      | Entered Level 5 of the Dungeon
   839 | D:5      | Reached XP level 6. HP: 52/52 MP: 7/7
   870 | D:5      | Found Wobbiow's Weapon Shoppe.
   872 | D:5      | Noticed Pikel
   888 | D:5      | Killed Pikel
   889 | D:5      | Reached skill level 6 in Axes
   889 | D:5      | Reached skill level 7 in Axes
   889 | D:5      | Reached XP level 7. HP: 18/60 MP: 8/8
   916 | D:5      | Reached skill level 5 in Fighting
   916 | D:5      | Reached XP level 8. HP: 68/68 MP: 9/9
   917 | D:5      | Reached *** piety under Jiyva
   918 | D:5      | Found a staircase to the Ecumenical Temple.
   929 | D:5      | Found Ashronem's Distillery.
   933 | Temple   | Entered the Ecumenical Temple
  1017 | D:5      | Bought a potion of haste for 100 gold pieces
  1182 | D:5      | Reached skill level 8 in Axes
  1452 | D:6      | Found a shimmering blue altar of Sif Muna.
  1538 | D:6      | Noticed a troll
  1539 | D:6      | Found a sand-covered staircase.
  1545 | D:6      | Killed a troll
  1546 | D:6      | Reached skill level 9 in Axes
  1546 | D:6      | Gained mutation: You passively map the area around you.
                  | [Meteoran growth]
  1546 | D:6      | Reached XP level 9. HP: 74/75 MP: 10/10
  1553 | Ossuary  | Entered an ossuary
  1553 | Ossuary  | Reached **** piety under Jiyva
  1553 | Ossuary  | Gained mutation: You have a small jelly attached to you
                  | that may absorb projectiles. [Jiyva's grace]
  1553 | Ossuary  | Gained mutation: Your rubbery body absorbs attacks. (AC +1,
                  | EV +1) [Jiyva's grace]
  1553 | Ossuary  | Gained mutation: Your pliable body absorbs attacks. (AC +2,
                  | EV +2) [Jiyva's grace]
  1553 | Ossuary  | Gained mutation: Your gelatinous body deflects attacks. (AC
                  | +3, EV +3) [Jiyva's grace]
  1624 | Ossuary  | Reached skill level 5 in Shields
  1763 | D:6      | Found a burning altar of Makhleb.
  1770 | D:6      | Found a basalt altar of Yredelemnul.
  1981 | D:7      | Reached ***** piety under Jiyva
  2017 | D:7      | Reached skill level 10 in Axes
  2119 | D:7      | Found a stormy altar of Qazlal.
  2158 | D:8      | Found a glowing silver altar of Zin.
  2195 | D:8      | Noticed a five-headed hydra
  2204 | D:8      | Slimified a five-headed hydra
  2204 | D:8      | Noticed an azure jelly
  2204 | D:8      | a five-headed hydra changed into an azure jelly
  2360 | D:8      | Lost mutation: Your gelatinous body deflects attacks. (AC
                  | +3, EV +3) [Jiyva's grace]
  2360 | D:8      | Lost mutation: You have a small jelly attached to you that
                  | may absorb projectiles. [Jiyva's grace]
  2360 | D:8      | Gained mutation: Your gelatinous body deflects attacks. (AC
                  | +3, EV +3) [Jiyva's grace]
  2360 | D:8      | Gained mutation: You have a somewhat thin skeletal
                  | structure. (Dex +2, Stealth+) [Jiyva's grace]
  2360 | D:8      | Gained mutation: You have a moderately thin skeletal
                  | structure. (Dex +4, Stealth++) [Jiyva's grace]
  2360 | D:8      | Gained mutation: You have an unnaturally thin skeletal
                  | structure. (Dex +6, Stealth+++) [Jiyva's grace]
  2512 | D:8      | Reached XP level 10. HP: 86/86 MP: 11/11
  2721 | D:9      | Found a sparkling altar of Nemelex Xobeh.
  2768 | D:9      | Found a staircase to the Orcish Mines.
  2868 | D:9      | Reached skill level 10 in Shields
  2923 | D:10     | Entered Level 10 of the Dungeon
  3058 | D:10     | Noticed a komodo dragon
  3074 | D:10     | Killed a komodo dragon
  3075 | D:10     | Reached XP level 11. HP: 84/97 MP: 12/12
  3090 | D:10     | Reached skill level 11 in Axes
  3216 | D:10     | Found a staircase to the Lair.
  3330 | D:10     | Noticed Erolcha
  3341 | D:10     | Killed Erolcha
  3342 | D:10     | Reached skill level 12 in Axes
  3349 | D:10     | Found a broken altar of Ashenzari.
  3476 | D:11     | Reached ****** piety under Jiyva
  3556 | D:11     | Lost mutation: You have an unnaturally thin skeletal
                  | structure. (Dex +6, Stealth+++) [Jiyva's grace]
  3556 | D:11     | Lost mutation: You have a moderately thin skeletal
                  | structure. (Dex +4, Stealth++) [Jiyva's grace]
  3556 | D:11     | Gained mutation: You have hidden genetic potential.
                  | [Jiyva's grace]
  3556 | D:11     | Gained mutation: You have great hidden genetic potential.
                  | [Jiyva's grace]
  3556 | D:11     | Gained mutation: Your melee attacks may engulf your foes in
                  | ooze. [Jiyva's grace]
  3556 | D:11     | Gained mutation: You have a pair of small horns on your
                  | head. [Jiyva's grace]
  3729 | D:10     | Noticed Fannar
  3737 | D:10     | Killed Fannar
  3738 | D:10     | Reached skill level 10 in Fighting
  3767 | Orc:1    | Entered Level 1 of the Orcish Mines
  3816 | Orc:1    | Noticed an orc warlord
  3818 | Orc:1    | Reached skill level 10 in Armour
  3885 | Orc:1    | Killed an orc warlord
  3928 | Orc:2    | Entered Level 2 of the Orcish Mines
  3934 | Orc:2    | Noticed an orc sorcerer
  3937 | Orc:2    | Noticed an orc sorcerer
  3939 | Orc:2    | Killed an orc sorcerer
  3940 | Orc:2    | Reached XP level 12. HP: 106/106 MP: 13/13
  3948 | Orc:2    | Reached skill level 13 in Axes
  3954 | Orc:2    | Gained mutation: You have sharp toenails. [hidden
                  | potential]
  3958 | Orc:2    | Found Acifriot's General Store.
  3964 | Orc:2    | Noticed an orc warlord
  3972 | Orc:2    | Noticed an orc knight
  4005 | D:9      | Killed an orc warlord
  4093 | Orc:2    | Noticed an orc high priest
  4095 | Orc:2    | Noticed a soul eater
  4108 | Orc:1    | Killed an orc knight
  4151 | Orc:2    | Noticed a soul eater
  4155 | Orc:2    | Killed an orc high priest
  4182 | Orc:2    | Found Ittudduju's Antique Armour Shop.
  4267 | Orc:2    | Noticed an orc high priest
  4268 | Orc:2    | Noticed an orc high priest
  4282 | Orc:2    | Noticed a soul eater
  4288 | Orc:2    | Killed an orc high priest
  4289 | Orc:2    | Reached XP level 13. HP: 102/118 MP: 14/14
  4353 | Orc:2    | Found a staircase to the Elven Halls.
  4371 | Orc:2    | Found Wim Vag's Antique Weapon Shoppe.
  4442 | Orc:2    | Bought a scroll of identify for 30 gold pieces
  4459 | Orc:2    | Found Meompaig's Book Shoppe.
  4522 | Orc:1    | Reached skill level 14 in Axes
  4525 | Orc:1    | Gained mutation: You are covered in fur. (AC +1) [hidden
                  | potential]
  4525 | Orc:1    | Lost mutation: You have great hidden genetic potential.
                  | [hidden potential expressed]
  4660 | Lair:1   | Entered Level 1 of the Lair of Beasts
  4873 | Lair:2   | Found a staircase to the Shoals.
  4930 | Lair:2   | Reached skill level 15 in Axes
  5034 | Lair:2   | Found a staircase to the Snake Pit.
  5039 | Lair:2   | Reached XP level 14. HP: 129/129 MP: 15/15
  5144 | Lair:3   | Reached skill level 15 in Shields
  5306 | Lair:3   | Lost mutation: You have a pair of small horns on your head.
                  | [Jiyva's grace]
  5306 | Lair:3   | Lost mutation: You have hidden genetic potential. [Jiyva's
                  | grace]
  5306 | Lair:3   | Gained mutation: Your translucent skin slightly reduces
                  | your foes' accuracy. (Stealth+) [Jiyva's grace]
  5306 | Lair:3   | Gained mutation: Your translucent skin reduces your foes'
                  | accuracy. (Stealth+) [Jiyva's grace]
  5306 | Lair:3   | Gained mutation: Your transparent skin significantly
                  | reduces your foes' accuracy. (Stealth+) [Jiyva's grace]
  5306 | Lair:3   | Gained mutation: You are strong-willed. (Will+) [Jiyva's
                  | grace]
  5315 | Lair:3   | Identified the +1 quarterstaff of Apnik {vorpal, Will+}
  5407 | Lair:4   | Reached XP level 15. HP: 135/135 MP: 16/16
  5424 | Lair:4   | Found a dark tunnel.
  5431 | Volcano  | Entered a volcano
  5493 | Volcano  | Reached skill level 16 in Axes
  5649 | Lair:4   | Reached skill level 1 in Polearms
  5654 | Lair:5   | Entered Level 5 of the Lair of Beasts
  5800 | Lair:5   | Reached skill level 5 in Polearms
  6010 | Lair:5   | Found a viscous altar of Jiyva.
  6011 | Lair:5   | Found a staircase to the Slime Pits.
  6044 | Slime:1  | Entered Level 1 of the Pits of Slime
  6049 | Slime:2  | Noticed a rockslime
  6056 | Slime:2  | Noticed an azure jelly
  6057 | Slime:2  | Noticed a quicksilver ooze
  6057 | Slime:2  | Noticed an azure jelly
  6063 | Slime:3  | Noticed a quicksilver ooze
  6068 | Slime:3  | Noticed an azure jelly
  6072 | Slime:4  | Noticed an acid blob
  6072 | Slime:4  | Noticed an acid blob
  6072 | Slime:4  | Noticed an acid blob
  6083 | Slime:5  | Entered Level 5 of the Pits of Slime
  6083 | Slime:5  | Noticed a rockslime
  6083 | Slime:5  | Noticed a quicksilver ooze
  6102 | Slime:5  | Found a viscous altar of Jiyva.
  6102 | Slime:5  | Noticed an acid blob
  6103 | Slime:5  | Noticed a quicksilver ooze
  6103 | Slime:5  | Noticed an acid blob
  6104 | Slime:5  | Noticed an acid blob
  6104 | Slime:5  | Noticed a rockslime
  6105 | Slime:5  | Noticed a quicksilver ooze
  6105 | Slime:5  | Noticed the Royal Jelly
  6108 | Slime:5  | Noticed an acid blob
  6109 | Slime:5  | Got a slimy rune of Zot
  6111 | Slime:5  | Identified the +5 chain mail "Qufif" {rElec rC- Str+3}
  6113 | Slime:5  | Noticed a quicksilver ooze
  6122 | Slime:5  | Identified the +8 flail "Doiram" {vorpal, rElec rC++ rCorr
                  | Int+3}
  6124 | Slime:5  | Identified the amulet of Pys Eqeu {Acrobat rPois rF++ Str+4
                  | Dex-5}
  6133 | Slime:5  | Found the +10 tower shield of Ignorance {rN+ Int-4}
  6140 | Slime:5  | Got the Discourse on Execration
  6153 | Slime:5  | Identified the +4 hand axe of the Shifting Madman {flame,
                  | rElec rC- Will- Dex+9}
  6162 | Slime:5  | Got the Exposition on the Distorted Glacier
  6165 | Slime:5  | Noticed an acid blob
  6166 | Slime:5  | Noticed a rockslime
  6176 | Slime:5  | Noticed a rockslime
  6179 | Slime:5  | Noticed a quicksilver ooze
  6739 | Lair:5   | Reached XP level 16. HP: 112/146 MP: 17/17
  6987 | Snake:1  | Entered Level 1 of the Snake Pit
  6987 | Snake:1  | Lost mutation: Your transparent skin significantly reduces
                  | your foes' accuracy. (Stealth+) [Jiyva's grace]
  6987 | Snake:1  | Lost mutation: Your melee attacks may engulf your foes in
                  | ooze. [Jiyva's grace]
  6987 | Snake:1  | Gained mutation: Your mind is acute. (Int +4, Str/Dex -1)
                  | [Jiyva's grace]
  6987 | Snake:1  | Gained mutation: Your mind is very acute. (Int +8, Str/Dex
                  | -2) [Jiyva's grace]
  6987 | Snake:1  | Gained mutation: Your transparent skin significantly
                  | reduces your foes' accuracy. (Stealth+) [Jiyva's grace]
  6987 | Snake:1  | Gained mutation: Your melee attacks may engulf your foes in
                  | ooze. [Jiyva's grace]
  7295 | Snake:2  | Reached skill level 15 in Fighting
  7421 | Snake:3  | Noticed Bai Suzhen
  7424 | Snake:3  | Reached skill level 17 in Axes
  7435 | Snake:4  | Entered Level 4 of the Snake Pit
  7477 | Snake:4  | HP: 7/149 [black mamba[a naga ritualist] (9)]
  7511 | Snake:4  | Shot with an arrow by a naga sharpshooter

Illustrated notes

Levels and vault maps discovered:
D:1:      moated_graveyard_arrival, layout_loops_ring,
          ebering_ecumenical_altar_petrified, serial_shops, shop,
          kennysheep_crisscross, kennysheep_decorative_pillar
D:2:      layout_loops_ring, basic_altar
D:3:      layout_basic, nicolae_gozag_seed_capital, tso_metal_star,
          hangedman_decor_points, uniq_robin
D:4:      layout_loops_ring, chequers_avenue
D:5:      kb_forest_paths, layout_basic, mainiacjoe_overflow_brackets,
          minmay_temple_entry_proselytizer, serial_shops,
          nicolae_shop_temple_entry_statues_fountains, nicolae_stop_n_shop_2,
          uniq_pikel
D:6:      layout_cave_pools, nicolae_sif_muna_little_library, minitemple,
          gup_ossuary_entry_pyramid, mrwooster_statue_mirror,
          corexii_hall_statues_i, kennysheep_generic_room_3
D:7:      layout_cave_pools, nicolae_qazlal_style_of_elements,
          serial_column_ruins, column_ruins_open_tiny,
          column_ruins_corridor_straight, column_ruins_columns_straight,
          column_ruins_corridor_dead_end, uniq_crazy_yiuf_cottage
D:8:      layout_basic, overflow_temple_1_default, hellmonk_bongcloud_opening
D:9:      layout_basic, nemelex_spade_bored_becter, orc_0_dummy,
          evilmike_minifort
D:10:     layout_long_grid, mainiacjoe_overflow_small_starburst,
          erik_lair_dragon, uniq_josephine, uniq_fannar, uniq_erolcha
D:11:     layout_irregular_city
Temple:   nicolae_temple_x_marks_the_god
Lair:1:   dpeg_oklob_gauntlet, layout_regular_city, patterned_corridor
Lair:2:   cheibrodos_lair_river_kwai, layout_regular_city,
          minmay_shoals_entry_hut, guppyfry_snake_entry_garden, basic_altar
Lair:3:   layout_gridlike
Lair:4:   layout_cave_pods, nicolae_volcano_entry_lava_flow
Lair:5:   hangedman_lair_caniforms_friends, layout_regular_city,
          hangedman_lair_tendril_chambers, slime_entry_1
Snake:1:  layout_onion, minmay_shoptagon
Snake:2:  layout_onion_interference, nicolae_triple_integral
Snake:3:  layout_layer_cave, evilmike_ambush [evilmike_ambush_outer_pillars,
          evilmike_ambush_inner_basic], uniq_bai_suzhen, uniq_roxanne,
          uniq_vashnia
Snake:4:  hellmonk_snake_rune_quicksilver_temple, layout_gridlike,
          serial_corexii_hall, corexii_hall_statues_i,
          corexii_hall_statues_deadend, corexii_hall_statues_t,
          chequers_hall_statues_y, nicolae_snake_slithery_corners
Slime:1:  layout_caves, cheibrodos_slime_lost_civilization_7
Slime:2:  layout_caves, cheibrodos_slime_lost_civilization_6
Slime:3:  layout_caves
Slime:4:  layout_caves
Slime:5
Orc:1:    layout_caves, serial_shops, nicolae_shop_window_shopping, mines2_david
Orc:2:    grunt_orc_gardens, layout_diamond_mine, grunt_orc_garden,
          grunt_orc_garden, grunt_orc_garden, grunt_orc_garden, special_room,
          kennysheep_orc_chapel

Skill      XL: |  1  2  3  4  5  6  7  8  9 10 11 12 13 14 15 16 |
---------------+-------------------------------------------------+-----
Armour         | 4 5 6 7 8 10 11 12 13 14 | 14.0
Axes           | 3 4 7 9 10 12 13 15 16 17 | 17.0
Shields        | 4 6 10 11 12 14 15 16 | 16.0
Fighting       | 4 5 6 7 9 10 12 13 14 15 | 15.5
Polearms       | 8 9 |  9.7

Action                   |  1- 3 |  4- 6 |  7- 9 | 10-12 | 13-15 | 16-18 || total
-------------------------+-------+-------+-------+-------+-------+-------++-------
Melee: War axe           |    74 |    85 |   233 |   381 |   395 |       ||  1168
       Headbutt          |       |       |       |    41 |    75 |       ||   116
       Kick              |       |       |       |    37 |   282 |    80 ||   399
       Demon trident     |       |       |       |       |   282 |       ||   282
       Broad axe         |       |       |       |       |    32 |   236 ||   268
 Fire: Hand crossbow     |       |       |       |       |     1 |       ||     1
Throw: Stone             |       |     2 |       |       |       |       ||     2
Invok: Slimify           |       |       |     1 |       |       |       ||     1
Evoke: Wand              |       |       |     3 |     2 |     2 |     1 ||     8
  Use: Scroll            |       |     3 |     5 |     3 |     6 |     4 ||    21
       Potion            |       |     1 |       |     2 |     1 |     3 ||     7
 Stab: Confused          |       |       |       |     2 |       |       ||     2
       Distracted        |       |       |       |     1 |       |       ||     1
       Fleeing           |       |       |       |       |       |     1 ||     1
Armor: Scale mail        |    46 |    58 |    29 |       |       |       ||   133
       Chain mail        |       |       |   117 |   167 |       |       ||   284
       Plate armour      |       |       |       |    38 |   348 |   124 ||   510
Dodge: Dodged            |    25 |    43 |    97 |   109 |   183 |    97 ||   554
Block: Buckler           |    22 |    29 |    61 |    52 |       |       ||   164
       Tower shield      |       |       |       |   296 |   934 |   519 ||  1749
